 Dungeon Crawl Stone Soup version 0.23-a0-241-g3b46b07 (webtiles) character file.

10919 chorionicmirror the Carver (level 11, 0/89 HPs)
             Began as a Demonspawn Gladiator on Sept 27, 2018.
             Was a Priest of Makhleb.
             Slain by a troll (13 damage)
             ... on level 12 of the Dungeon.
             The game lasted 00:46:44 (10927 turns).

chorionicmirror the Carver (Demonspawn Gladiator)  Turns: 10927, Time: 00:46:45

Health: 0/89       AC: 12    Str: 19    XL:     11   Next: 42%
Magic:  0/12       EV: 10    Int: 11    God:    Makhleb [***...]
Gold:   719        SH: 10    Dex: 14    Spells: 7/10 levels left

rFire    . . .     SeeInvis +   D - +1 scimitar
rCold    . . .     Gourm    .   C - +0 shield
rNeg     . . .     Faith    .   l - +2 scale mail {rPois}
rPois    +         Spirit   +   H - +0 hat {SInv}
rElec    .         Reflect  .   (no cloak)
rCorr    +         Harm     .   (no gloves)
MR       +....                  B - +0 pair of boots
Stlth    ..........             (no amulet)
HPRegen  0.24/turn              o - ring of protection from magic
MPRegen  0.13/turn              q - ring of resist corrosion

@: drained
A: claws 2, iridescent scales 1, clever 1, low mp 1, powered by death 1, magic
shield
a: Minor Destruction, Lesser Servant of Makhleb, Renounce Religion


You were on level 12 of the Dungeon.
You worshipped Makhleb.
Makhleb was most pleased with you.
You were not hungry.

You visited 3 branches of the dungeon, and saw 14 of its levels.

You collected 719 gold pieces.

Inventory:

Hand Weapons
 j - the +7 morningstar of Undoing {freeze, *Slow Str+3}
   (You found it on level 8 of the Dungeon)

   It has been specially enchanted to freeze those struck by it, causing extra
   injury to most foes and up to half again as much damage against particularly
   susceptible opponents.
   It can also slow down cold-blooded creatures.
   It affects your strength (+3).
   It may slow you when you take damage.
 t - the +0 flail "Ozxid" {speed, *Rage rC+ rN+ Int+4}
   (You found it on level 7 of the Dungeon)

   Attacks with this weapon are significantly faster.
   It affects your intelligence (+4).
   It protects you from cold.
   It protects you from negative energy.
   It may make you go berserk in combat.
 D - a +1 scimitar (weapon)
Missiles
 d - 2 throwing nets (quivered)
Armour
 i - the +1 robe of the Eternal Void {SInv}
   (You found it on level 5 of the Dungeon)

   It lets you see invisible.
 l - a +2 scale mail of poison resistance (worn)
 u - a +0 chain mail of cold resistance
 y - a +2 helmet
 B - a +0 pair of boots (worn)
 C - a +0 shield (worn)
 H - a +0 hat of see invisible (worn)
Jewellery
 c - an uncursed ring of flight
 e - a +2 ring of intelligence
 g - an uncursed ring of magical power
 n - an uncursed ring of protection from fire
 o - a ring of protection from magic (left claw)
 q - a ring of resist corrosion (right claw)
 w - an uncursed ring of stealth
 J - an uncursed ring of wizardry
Wands
 x - a wand of flame (38)
Scrolls
 a - 2 scrolls of amnesia
 h - a scroll of fear
 k - a scroll of teleportation
 m - 3 scrolls of remove curse
 r - 4 scrolls of magic mapping
Potions
 b - a potion of agility
 p - 3 potions of flight
 s - 2 potions of brilliance
 z - a potion of resistance
 A - a potion of magic
 G - a potion of mutation
 I - 4 potions of haste
Miscellaneous
 K - a crystal ball of energy
Comestibles
 f - 16 rations


   Skills:
 + Level 9.3(9.1) Fighting
 + Level 10.0(9.8) Long Blades
 - Level 1.7(1.6) Throwing
 - Level 5.1(5.0) Armour
 - Level 5.0(4.8) Dodging
 + Level 6.8(6.7) Shields
 - Level 5.0(4.8) Necromancy
 * Level 3.2(3.0) Invocations


You had 7 spell levels left.
You knew the following spells:

 Your Spells              Type           Power        Failure   Level  Hunger
a - Regeneration          Chrm/Necr      #.........   97%         3    ####...

Your spell library contained the following spells:

 Spells                   Type           Power        Failure   Level  Hunger
 Infusion                 Chrm           #...         96%         1    ##.....
 Shroud of Golubria       Chrm/Tloc      #.........   99%         2    ###....
 Song of Slaying          Chrm           #.......     99%         2    ###....
 Spectral Weapon          Hex/Chrm       #.......     100%        3    ####...


Dungeon Overview and Level Annotations

Branches:
Dungeon (12/15)            Temple (1/1) D:4            Lair (1/6) D:9
    Orc: D:9-12

Altars:
Ashenzari
Cheibriados
Dithmenos
Elyvilon
Fedhas
Gozag
Hepliaklqana
Kikubaaqudgha
Makhleb
Nemelex Xobeh
Okawaru
Qazlal
Ru
Sif Muna
Trog
Uskayaw
Vehumet
Wu Jian
Xom
Yredelemnul
Zin
The Shining One

Annotations:
D:11 3 runed doors, nht's ghost, journeyman DrTm
Lair:1 Prince Ribbit


Innate Abilities, Weirdness & Mutations

You have very sharp fingernails.
You are partially covered in iridescent scales. (AC +2)
You regenerate a little health from kills.
When hurt, damage is shared between your health and your magic reserves.
Your mind is acute. (Int +2)
Your magical capacity is low. (-10% MP)


Message History

You hit the soldier ant but do no damage.
The soldier ant is almost dead.
You block the soldier ant's attack.
You barely miss the soldier ant.
The soldier ant is almost dead.
The soldier ant stings you.
* * * LOW HITPOINT WARNING * * *
You slash the soldier ant!
You kill the soldier ant!
Makhleb accepts your kill.
Okay, then.
Okay, then.
Okay, then.
Evoke which item? (* to show all) (? for menu, Esc to quit)
Okay, then.
A demon appears!
The troll bites you!
* * * LOW HITPOINT WARNING * * *
The troll claws you but does no damage. You block the troll's attack.
You open the door. The troll bites you!
You die...

# .. +# ...
... ...
.... ..
.....
#.###......
#4T@'.)....
#####......
..... ####


You could see a troll and a friendly orange demon.

Vanquished Creatures
  A two-headed ogre (D:8)
  An unseen horror (D:9)
  Pikel (D:9)
  Joseph (D:7)
  An efreet (D:11)
  A komodo dragon (Lair:1)
  2 hornets (D:8)
  3 hippogriffs
  A wyvern (D:8)
  Eustachio (D:6)
  A hungry ghost (D:9)
  A soldier ant (D:12)
  4 porcupines
  3 black bears
  2 water moccasins
  An acid dragon (D:11)
  5 ice beasts
  5 ogres
  A phantom (D:9)
  2 sky beasts
  8 centaurs
  5 crocodiles
  2 big kobolds
  8 bullfrogs
  Blork the orc (D:6)
  A gnoll sergeant (D:6)
  4 scorpions
  9 wights
  2 bullfrog zombies (D:8)
  6 crimson imps
  A quasit (D:7)
  2 jellies
  3 orc wizards
  A bullfrog skeleton (D:4)
  3 orc priests
  4 hounds
  A centaur skeleton (D:10)
  An iguana (D:9)
  Natasha (thrice) (D:2)
  9 worker ants
  A hound zombie (D:7)
  A worker ant zombie (D:10)
  3 gnolls (D:2)
  15 adders
  A howler monkey skeleton (D:10)
  2 shadow imps
  2 oozes
  4 adder skeletons
  An adder zombie (D:9)
  3 worms
  A dart slug (D:2)
  7 leopard geckos
  17 orcs
  7 bats
  7 giant cockroaches
  11 goblins
  10 hobgoblins
  7 jackals (D:1)
  14 kobolds
  8 quokkas
  A ball python (D:3)
  3 frilled lizards (D:3)
  A jackal zombie (D:8)
  2 leopard gecko zombies (D:8)
  12 rats
253 creatures vanquished.

Vanquished Creatures (collateral kills)
  Gastronok (Lair:1)
  A water moccasin (Lair:1)
2 creatures vanquished.

Vanquished Creatures (others)
  An orc (D:11)
  7 fungi (D:9)
  3 plants
11 creatures vanquished.

Grand Total: 266 creatures vanquished

Notes
Turn   | Place    | Note
-------+----------+-------------------------------------------
     0 | D:1      | chorionicmirror the Demonspawn Gladiator began the quest
                  | for the Orb.
     0 | D:1      | Reached XP level 1. HP: 16/16 MP: 1/1
   114 | D:1      | Gained mutation: When hurt, damage is shared between your
                  | health and your magic reserves. [demonic ancestry]
   114 | D:1      | Reached XP level 2. HP: 20/22 MP: 2/2
   279 | D:1      | Reached skill level 3 in Long Blades
   279 | D:1      | Reached skill level 1 in Armour
   370 | D:1      | Gained mutation: You are partially covered in iridescent
                  | scales. (AC +2) [demonic ancestry]
   370 | D:1      | Reached XP level 3. HP: 28/28 MP: 3/3
   781 | D:2      | Reached XP level 4. HP: 34/34 MP: 4/4
   886 | D:2      | Noticed Natasha
   895 | D:2      | Killed Natasha
  1155 | D:2      | Gained mutation: You have sharp fingernails. [demonic
                  | ancestry]
  1155 | D:2      | Reached XP level 5. HP: 27/41 MP: 5/5
  1215 | D:2      | Noticed Natasha
  1233 | D:2      | Killed Natasha
  1415 | D:2      | Reached skill level 4 in Long Blades
  1444 | D:2      | Noticed Natasha
  1450 | D:2      | Killed Natasha
  1497 | D:2      | Reached XP level 6. HP: 39/48 MP: 4/6
  1867 | D:3      | Found a sparkling altar of Nemelex Xobeh.
  1922 | D:3      | Found a sparkling altar of Nemelex Xobeh.
  2751 | D:4      | Found a staircase to the Ecumenical Temple.
  2760 | Temple   | Entered the Ecumenical Temple
  3004 | Temple   | Became a worshipper of Makhleb the Destroyer
  3118 | D:4      | Found a glowing golden altar of the Shining One.
  3548 | D:4      | Reached XP level 7. HP: 51/55 MP: 5/7
  3555 | D:4      | Found an ancient bone altar of Kikubaaqudgha.
  3789 | D:5      | Entered Level 5 of the Dungeon
  3800 | D:5      | Reached skill level 5 in Long Blades
  4125 | D:5      | Found a hide-covered altar of Uskayaw.
  4251 | D:5      | Found a radiant altar of Vehumet.
  4257 | D:5      | Got a faintly glowing robe
  4268 | D:5      | Identified the +1 robe of the Eternal Void {SInv} (You
                  | found it on level 5 of the Dungeon)
  4516 | D:6      | Reached skill level 5 in Fighting
  4572 | D:6      | Noticed Eustachio
  4592 | D:6      | Noticed Blork the orc
  4665 | D:6      | Reached skill level 6 in Long Blades
  4700 | D:6      | Killed Eustachio
  4700 | D:6      | Reached XP level 8. HP: 39/63 MP: 5/8
  4722 | D:6      | Killed Blork the orc
  4768 | D:6      | Reached * piety under Makhleb
  5481 | D:7      | Found an iron altar of Okawaru.
  5493 | D:7      | Found a glowing golden altar of the Shining One.
  5500 | D:7      | Reached skill level 7 in Long Blades
  5520 | D:7      | Found a bloodstained altar of Trog.
  5582 | D:7      | Noticed Joseph
  5610 | D:7      | Killed Joseph
  5610 | D:7      | Reached skill level 5 in Armour
  5902 | D:7      | Got a brightly glowing flail
  5903 | D:7      | Identified the +0 flail "Ozxid" {speed, *Rage rC+ rN+
                  | Int+4} (You found it on level 7 of the Dungeon)
  5952 | D:7      | Found a shadowy altar of Dithmenos.
  6018 | D:7      | Gained mutation: You regenerate a little health from kills.
                  | [demonic ancestry]
  6018 | D:7      | Reached XP level 9. HP: 67/69 MP: 9/9
  6276 | D:8      | Noticed a two-headed ogre
  6292 | D:8      | HP: 2/70 [two-headed ogre/giant club (17)]
  6690 | D:8      | Reached skill level 8 in Long Blades
  6955 | D:8      | Learned a level 3 spell: Regeneration
  6988 | D:8      | Killed a two-headed ogre
  7075 | D:8      | HP: 3/72 [hornet (1)]
  7080 | D:8      | HP: 3/72 [hornet (2)]
  7414 | D:8      | Got an ichor-stained morningstar
  7428 | D:8      | Identified the +7 morningstar of Undoing {freeze, *Slow
                  | Str+3} (You found it on level 8 of the Dungeon)
  7446 | D:8      | Reached skill level 5 in Dodging
  7456 | D:8      | Reached ** piety under Makhleb
  7529 | D:8      | Reached XP level 10. HP: 55/79 MP: 10/10
  7586 | D:8      | Reached skill level 5 in Necromancy
  7807 | D:8      | Reached skill level 1 in Shields
  7862 | D:8      | Found a blossoming altar of Fedhas.
  7862 | D:8      | Found a hazy altar of Hepliaklqana.
  8001 | D:9      | Found a staircase to the Lair.
  8290 | D:9      | Reached skill level 9 in Long Blades
  8489 | D:9      | Noticed Pikel
  8504 | D:9      | Killed Pikel
  8550 | D:9      | Noticed an unseen horror
  8556 | D:9      | Killed an unseen horror
  8879 | D:9      | Reached skill level 5 in Shields
  8943 | D:9      | Reached *** piety under Makhleb
  9202 | Lair:1   | Entered Level 1 of the Lair of Beasts
  9256 | Lair:1   | Noticed Gastronok
  9427 | Lair:1   | Killed Gastronok
  9427 | Lair:1   | Gained mutation: You have very sharp fingernails. [demonic
                  | ancestry]
  9427 | Lair:1   | Reached XP level 11. HP: 32/87 MP: 6/11
  9683 | Lair:1   | Noticed Prince Ribbit
  9876 | D:10     | Entered Level 10 of the Dungeon
 10268 | D:10     | Reached skill level 1 in Invocations
 10476 | D:11     | Found a runed gate.
 10502 | D:11     | Found a runed gate.
 10504 | D:11     | Found a runed gate.
 10511 | D:11     | Noticed a 12-headed hydra
 10518 | D:11     | Reached skill level 10 in Long Blades
 10519 | D:11     | Noticed nht's ghost (journeyman DrTm)
 10593 | D:11     | HP: 1/89 [orc warrior/trident (14)]
 10636 | D:11     | Noticed a ten-headed hydra
 10902 | D:12     | Gained mutation: Your magical capacity is low. (-10% MP)
                  | [potion of mutation]
 10902 | D:12     | Gained mutation: Your mind is acute. (Int +2) [potion of
                  | mutation]
 10927 | D:12     | Slain by a troll

Vault maps used:
D:1:      erik_arrival_triangle_medium, grunt_decor_one_mirror
D:2:      bh_walls_and_bars, uniq_natasha
D:3:      nicolae_overflow_hidden_temple, nemelex_diamond_rough_becter
D:4:      wad_woods_stonehenge, kennysheep_mini_moat, minmay_temple_entry_trees,
          first_ration
D:5:      lemuel_round_altar, vehumet_crystals, kennysheep_nondescript
D:6:      serial_park_tiny_1, sword_in_stone
D:7:      grunt_temple_overflow_open, nicolae_dithmenos_through_a_glass_darkly,
          lemuel_crystal_altar, uniq_joseph
D:8:      kennysheep_blocky_room, gammafunk_temple_overflow_wave,
          hangedman_pestilent_swarm
D:9:      due_lair_maze_entry_diamond, abandoned_shop, uniq_pikel
D:11:     gammafunk_ghost_hydra_chop, stair_cage_open
D:12:     orc_0_dummy, minmay_misc_feat_cross
Temple:   minmay_temple_bridge_abc
Lair:1:   infiniplex_staircase_pool_2, uniq_prince_ribbit2, uniq_erica,
          uniq_gastronok

Skill      XL: |  1  2  3  4  5  6  7  8  9 10 11 |
---------------+----------------------------------+-----
Long Blades    | 3 4 6 7 8 9 10 | 10.0
Armour         | 1 2 3 4 5 |  5.1
Dodging        | 3 5 |  5.0
Fighting       | 3 4 5 6 7 8 9 |  9.3
Necromancy     | 4 5 |  5.0
Shields        | 6 |  6.8
Invocations    | 3 |  3.2
Throwing       | |  1.7

Action                   |  1- 3 |  4- 6 |  7- 9 | 10-12 || total
-------------------------+-------+-------+-------+-------++-------
Melee: Long sword        |    67 |   281 |   353 |    34 ||   735
       Scimitar          |       |       |       |   448 ||   448
Throw: Throwing net      |       |       |     3 |       ||     3
Invok: Lesser Servant of |       |       |       |     3 ||     3
Evoke: Wand              |       |       |     1 |       ||     1
  Use: Scroll            |       |     9 |    13 |     7 ||    29
       Potion            |       |       |     8 |     6 ||    14
 Stab: Held in net/web   |       |       |     1 |       ||     1
       Distracted        |       |       |       |     3 ||     3
  Eat: Chunk             |       |     9 |     9 |     3 ||    21
       Ration            |       |       |     2 |     3 ||     5
Armor: Ring mail         |    31 |    86 |       |       ||   117
       Leather armour    |     4 |       |       |       ||     4
       Scale mail        |       |    45 |   261 |   229 ||   535
       Robe              |       |       |       |     1 ||     1
       Skin              |       |       |       |     1 ||     1
Dodge: Dodged            |    49 |   194 |   342 |   311 ||   896
Block: Shield            |       |       |       |   189 ||   189
       Rpst.: Long sword |    18 |    58 |    91 |    11 ||   178
       Scimitar          |       |       |       |    78 ||    78

Table legend:
 A = Non-vault XP
 B = Vault XP
 C = Vault XP percentage of total XP
 D = Non-vault monster count
 E = Vault monster count
 F = Vault count percentage of total count
                 A         B        C        D         E       F
            +---------+---------+-------+---------+---------+-------
      Total |   10335 |    5264 |  33.7 |     219 |      36 |  14.1
            +---------+---------+-------+---------+---------+-------
        D:1 |      54 |       0 |   0.0 |      28 |       0 |   0.0
        D:2 |     314 |      35 |  10.0 |      32 |       1 |   3.0
        D:3 |      74 |       0 |   0.0 |      31 |       0 |   0.0
        D:4 |     269 |      15 |   5.3 |      10 |       6 |  37.5
        D:5 |     251 |       0 |   0.0 |      11 |       0 |   0.0
        D:6 |     335 |     481 |  58.9 |       4 |       5 |  55.6
        D:7 |     619 |     439 |  41.5 |      12 |       1 |   7.7
        D:8 |    2122 |    1131 |  34.8 |      20 |      13 |  39.4
        D:9 |    2430 |    1599 |  39.7 |      26 |       9 |  25.7
       D:10 |    1368 |       0 |   0.0 |      27 |       0 |   0.0
       D:11 |    1210 |       0 |   0.0 |      11 |       0 |   0.0
       D:12 |     167 |       0 |   0.0 |       1 |       0 |   0.0
     Lair:1 |    1122 |    1564 |  58.2 |       6 |       1 |  14.3
            +---------+---------+-------+---------+---------+-------
